 Dungeon Crawl Stone Soup version 0.27-a0-830-ga1c911b16d (webtiles) character file.

Game seed: 16482035014530638696

151 Chiseanne the Magician (level 5, 35/35 HPs)
             Began as a Demonspawn Hedge Wizard on Mar 31, 2021.
             Quit the game on level 3 of the Dungeon.
             The game lasted 00:08:24 (3375 turns).

Chiseanne the Magician (Demonspawn Hedge Wizard)    Turns: 3375, Time: 00:08:25

Health: 35/35      AC:  5    Str: 10    XL:     5   Next: 11%
Magic:  3/11       EV: 12    Int: 17    God:
Gold:   80         SH:  0    Dex: 12    Spells: 6/12 levels left

rFire    . . .     SeeInvis .   a - +0 short sword
rCold    . . .     Faith    .   (no shield)
rNeg     . . .     Spirit   .   b - +1 robe
rPois    .         Reflect  .   c - +0 hat
rElec    .         Harm     .   (no cloak)
rCorr    .         Rampage  .   k - +1 pair of gloves
Will     .....                  (no boots)
Stlth    ++........             (no amulet)
HPRegen  0.11/turn              (no ring)
MPRegen  0.12/turn              (no ring)

@: no status effects
A: antennae 1, spiny 1
a: no special abilities


You were on level 3 of the Dungeon.
You visited 1 branch of the dungeon, and saw 3 of its levels.

You collected 80 gold pieces.

Inventory:

Hand Weapons
 a - a +0 short sword (weapon)
 g - a +0 broad axe
 s - a +0 mace
Missiles
 i - 11 boomerangs
 l - 9 poisoned darts
Armour
 b - a +1 robe (worn)
 c - a +0 hat (worn)
 d - a +0 kite shield
 k - a +1 pair of gloves (worn)
Jewellery
 h - a ring of flight
Scrolls
 f - 3 scrolls of identify
Potions
 e - a potion of ambrosia
 j - a potion of flight {unknown}
 m - a potion of mutation {unknown}


   Skills:
 - Level 1.7 Dodging
 - Level 1.7 Stealth
 * Level 4.4 Spellcasting
 * Level 3.5 Conjurations
 - Level 1.0 Summonings
 - Level 0.8 Translocations


You had 6 spell levels left.
You knew the following spells:

 Your Spells              Type           Power      Damage    Failure   Level
a - Magic Dart            Conj           60%        1d6       3%          1
b - Blink                 Tloc           N/A        N/A       16%         2
d - Mephitic Cloud        Conj/Pois/Air  7%         N/A       28%         3

Your spell library contained the following spells:

 Spells                   Type           Power      Damage    Failure   Level
 Call Imp                 Summ           7%         N/A       16%         2
 Slow                     Hex            3%         N/A       22%         2
 Conjure Flame            Conj/Fire      9%         6-21      22%         3
 Gell's Gravitas          Tloc           3%         N/A       32%         3
 Portal Projectile        Hex/Tloc       10%        N/A       36%         3
 Passage of Golubria      Tloc           N/A        N/A       71%         4
 Manifold Assault         Tloc           6%         N/A       96%         5
 Dispersal                Tloc           3%         N/A       100%        6
 Disjunction              Tloc           3%         N/A       100%        8


Dungeon Overview and Level Annotations

Branches:
Dungeon (3/15)

Altars:
Okawaru

Shops:
D:1 [![?(


Innate Abilities, Weirdness & Mutations

You have a pair of small antennae on your head.
You are partially covered in sharp spines.


Message History

The orc wizard is severely wounded.
Casting: Magic Dart (safe; 3% risk of failure)
Confirm with . or Enter, or press ? or * to list all spells.
Aiming: Magic Dart (safe; 3% risk of failure)
Press: ? - help, Shift-Dir - straight line, f/p - orc wizard
Aim: an orc wizard, wielding a +0 dagger and wearing a +0 robe (severely wounded, 0% to evade)
The magic dart hits the orc wizard but does no damage.
The orc wizard is severely wounded.
Casting: Magic Dart (safe; 3% risk of failure)
Confirm with . or Enter, or press ? or * to list all spells.
Aiming: Magic Dart (safe; 3% risk of failure)
Press: ? - help, Shift-Dir - straight line, f/p - orc wizard
Aim: an orc wizard, wielding a +0 dagger and wearing a +0 robe (severely wounded, 0% to evade)
The magic dart hits the orc wizard but does no damage.
The orc wizard is severely wounded.
Casting: Magic Dart (safe; 3% risk of failure)
Confirm with . or Enter, or press ? or * to list all spells.
Aiming: Magic Dart (safe; 3% risk of failure)
Press: ? - help, Shift-Dir - straight line, f/p - orc wizard
Aim: an orc wizard, wielding a +0 dagger and wearing a +0 robe (severely wounded, 0% to evade)
The magic dart hits the orc wizard.
The orc wizard is severely wounded.
Casting: Magic Dart (safe; 3% risk of failure)
Confirm with . or Enter, or press ? or * to list all spells.
Aiming: Magic Dart (safe; 3% risk of failure)
Press: ? - help, Shift-Dir - straight line, f/p - orc wizard
Aim: an orc wizard, wielding a +0 dagger and wearing a +0 robe (severely wounded, 0% to evade)
The magic dart hits the orc wizard but does no damage.
The orc wizard is severely wounded.
Casting: Magic Dart (safe; 3% risk of failure)
Confirm with . or Enter, or press ? or * to list all spells.
Aiming: Magic Dart (safe; 3% risk of failure)
Press: ? - help, Shift-Dir - straight line, f/p - orc wizard
Aim: an orc wizard, wielding a +0 dagger and wearing a +0 robe (severely wounded, 0% to evade)
The magic dart hits the orc wizard.
You kill the orc wizard!
You have reached level 5!
Your demonic ancestry asserts itself...
A pair of antennae grows on your head!
Are you sure you want to abandon this character and quit the game? (Confirm with "yes".)

........#####>..#####
........##......##
....<......##....##
.....รท..#####.....#
.^...#..######....#
####.#..........#.########
.....##.########..........
..#####.# #..####.###
#.#####.# #@......#
#.......# #)####### #.#
#..###### #.# #.# #..# #.#
#.# #..# #.# #.# #..# #.#
#.# #..# #.# #.# ...# #.#
#.# #.## #.############.##


There were no monsters in sight!

Vanquished Creatures
  A jelly (D:3)
  An orc wizard (D:3)
  3 adders (D:2)
  2 dart slugs
  4 orcs (D:3)
  7 endoplasms
  2 giant cockroaches
  3 goblins
  9 hobgoblins
  3 jackals
  9 kobolds
  A quokka (D:3)
  2 ball pythons
  4 bats
  A frilled lizard (D:2)
  5 rats
57 creatures vanquished.

Notes
Turn   | Place    | Note
-------+----------+-------------------------------------------
     0 | D:1      | Chiseanne the Demonspawn Hedge Wizard began the quest for
                  | the Orb.
     0 | D:1      | Reached XP level 1. HP: 13/13 MP: 4/4
   110 | D:1      | Found Gofusoon's Magic Scroll Shoppe.
   426 | D:1      | Found Homum's Antique Weapon Shop.
   461 | D:1      | Gained mutation: You are partially covered in sharp spines.
                  | [demonic ancestry]
   461 | D:1      | Reached XP level 2. HP: 5/19 MP: 1/6
   895 | D:1      | Found Pushowno's Armour Boutique.
  1233 | D:1      | Found Esilee's Distillery.
  1472 | D:1      | Found Temo's Armour Boutique.
  1599 | D:1      | Reached XP level 3. HP: 24/24 MP: 5/8
  1627 | D:1      | Learned a level 2 spell: Blink
  1631 | D:1      | Learned a level 3 spell: Mephitic Cloud
  2439 | D:2      | Reached XP level 4. HP: 24/30 MP: 3/9
  2501 | D:2      | Reached skill level 4 in Spellcasting
  2664 | D:2      | Found an iron altar of Okawaru.
  3375 | D:3      | Gained mutation: You have a pair of small antennae on your
                  | head. [demonic ancestry]
  3375 | D:3      | Reached XP level 5. HP: 35/35 MP: 3/11
  3375 | D:3      | Quit the game

Illustrated notes

Levels and vault maps discovered:
D:1:      grunt_arrival_lava_bath, layout_rooms, serial_shops, shop, shop,
          nicolae_shop_competitors_out_of_business, shop_statue,
          nicolae_shop_competitors_out_of_business
D:2:      layout_loops_ring, okawaru_metal_pillars_1_2
D:3:      layout_loops_ring

Skill      XL: |  1  2  3  4 |
---------------+-------------+-----
Conjurations   | 2 3 |  3.5
Spellcasting   | 4 |  4.4
Dodging        | |  1.7
Stealth        | |  1.7
Summonings     | |  1.0
Translocations | |  0.8

Action                   |  1- 3 |  4- 6 || total
-------------------------+-------+-------++-------
Melee: Dagger            |    17 |       ||    17
       Mace              |     4 |       ||     4
       Short sword       |     8 |       ||     8
 Cast: Magic Dart        |    99 |    53 ||   152
  Use: Scroll            |     3 |       ||     3
Armor: Robe              |     4 |       ||     4
Dodge: Dodged            |    35 |     2 ||    37

Table legend: (Time is in decaauts)
 A = Elapsed time spent in this place.
 B = Non-inter-level travel time spent in this place.
 C = Inter-level travel time spent in this place.
 D = Time resting spent in this place.
 E = Time spent auto-exploring this place.
 F = Levels seen in this place.
 G = Mean time per level.
                   A        B        C        D        E       F      G
               +--------+--------+--------+--------+--------+-----+--------+
         Total |   3376 |   3340 |     36 |   1723 |   1047 |   3 | 1125.3 |
       Dungeon |   3376 |   3340 |     36 |   1723 |   1047 |   3 | 1125.3 |
               +--------+--------+--------+--------+--------+-----+--------+

Top non-repeatable levels by time:
     D:1: 1588 daAuts
     D:2: 1283 daAuts
     D:3: 504 daAuts
